 Dungeon Crawl Stone Soup version 0.30-a0-715-gdb4ae3ece1 (webtiles) character file.

Game seed: 16421879556874991685

55 sokol815 the Trooper (level 3, -4/31 HPs)
             Began as a Demigod Fighter on Jan 24, 2023.
             Killed from afar by Natasha (15 damage)
             ... with a bolt of light
             ... on level 2 of the Dungeon.
             The game lasted 00:03:09 (1164 turns).

sokol815 the Trooper (Demigod Fighter)              Turns: 1164, Time: 00:03:10

Health: -4/31      AC:  5    Str: 17    XL:     3   Next: 45%
Magic:  5/5        EV: 10    Int: 10    God:
Gold:   27         SH:  0    Dex: 17    Spells: 2/2 levels left

rFire   + . .      SeeInvis .    a - +0 war axe
rCold   . . .      Faith    .    c - +0 buckler
rNeg    + . .      Spirit   .    e - +0 ring mail {rF+}
rPois   .          Reflect  .    (no helmet)
rElec   .          Harm     .    i - scarf {repulsion}
rCorr   .          Rampage  .    (no gloves)
Will    .....                    (no boots) Stlth
                                 (no amulet)
HPRegen 0.25/turn                N - ring of positive energy {rN+}
MPRegen 0.09/turn                (no ring)

@: confused, invisible, repel missiles
A: high MP 1, forlorn, divine attributes
a: no special abilities


You were on level 2 of the Dungeon.
You visited 1 branch of the dungeon, and saw 2 of its levels.

You collected 51 gold pieces.
You spent 24 gold pieces at shops.

Inventory:

Hand Weapons
 a - a +0 war axe (weapon)
Missiles
 f - 6 boomerangs
Armour
 b - a +0 scale mail
 c - a +0 buckler (worn)
 e - a +0 ring mail of fire resistance (worn)
   (You found it on level 1 of the Dungeon)
 i - a scarf of repulsion (worn)
   (You found it on level 1 of the Dungeon)
 l - a +0 plate armour
   (You found it on level 1 of the Dungeon)
Jewellery
 N - a ring of positive energy (left hand) {rN+}
   (You found it on level 2 of the Dungeon)
Scrolls
 d - a scroll of fear {unknown}
 g - a scroll of poison {unknown}
 j - a scroll of vulnerability {unknown}
Potions
 B - a potion of brilliance
 I - a potion of invisibility
 J - a potion of curing {@q1}
 M - a potion of might
 R - a potion of resistance


   Skills:
 + Level 3.2 Fighting
 + Level 2.3 Axes
 + Level 3.1 Armour
 + Level 1.1 Dodging
 - Level 2.7 Shields


You had 2 spell levels left.
You didn't know any spells.
Your spell library was empty.

Dungeon Overview and Level Annotations

Branches:
Dungeon (2/15) Zot: 10792

Shops:
D:1 ?

Annotations:
D:2 Natasha


Innate Abilities, Weirdness & Mutations

You have an increased reservoir of magic. (+10% MP)
You shall have no god before yourself.
Your divine heritage dramatically boosts your attributes as you level up.


Message History

Found 8 gold pieces.
Found a stone staircase leading down.
The adder hisses angrily.
The adder moves out of view.
Health restored: 31 The jackal barely misses you.
The adder barely misses you. You block the jackal's attack.
You hit the adder. You barely miss the jackal. The adder bites you.
The jackal closely misses you. The adder bites you but does no damage.
The jackal bites you but does no damage.
You take 1 damage, and have 30/31 hp.
You hit the adder. You hit the jackal. The adder bites you but does no damage.
The jackal barely misses you. The adder bites you but does no damage.
You block the jackal's attack.
You barely miss the adder. You hit the jackal.
The jackal bites you but does no damage.
The adder barely misses you. The jackal bites you.
The adder closely misses you.
You closely miss the jackal. You miss the adder. You block the jackal's attack.
The adder closely misses you.
The jackal bites you but does no damage.
You barely miss the jackal. You slash the adder!
You kill the adder!
The jackal bites you but does no damage.
The jackal misses you.
You hit the jackal.
You kill the jackal!
Health restored: 31 No target in view!
There is a stone staircase leading down here.
You now have 27 gold pieces (gained 8).
A goblin comes into view. It is wielding a +0 dagger.
Natasha and a ball python come into view.
Natasha is carrying a wand of light (14).
The ball python bites you. The ball python barely misses you.
You take 3 damage, and have 28/31 hp.
You slash the ball python!
You kill the ball python!
Natasha mumbles some strange words.
The goblin hits you but does no damage.
You barely miss the goblin.
Natasha mumbles some strange words.
You block the goblin's attack.
Natasha mumbles some strange words.
You barely miss the goblin. The goblin closely misses you.
The goblin hits you with a +0 dagger.
You take 1 damage, and have 28/31 hp.
You slash the goblin!
You kill the goblin!
The crimson imp shouts, "Slither hence, thou beslubbering ill-breeding harpy!"
The crimson imp hits you.
You take 2 damage, and have 26/31 hp.
You barely miss the crimson imp. The crimson imp hits you.
You take 2 damage, and have 24/31 hp.
You completely miss the crimson imp. The crimson imp barely misses you.
You hit the crimson imp but do no damage.
The crimson imp hits you. The crimson imp completely misses you.
You take 3 damage, and have 21/31 hp.
You hit the crimson imp but do no damage.
The crimson imp summons a swarm of flies.
The crimson imp hits you but does no damage.
You hit the crimson imp. The crimson imp barely misses you.
The crimson imp closely misses you.
You closely miss the crimson imp. The crimson imp closely misses you.
Natasha howls an incantation.
Natasha shimmers violently.
You miss the crimson imp. The crimson imp hits you.
You take 3 damage, and have 19/31 hp.
You closely miss the crimson imp. You block the crimson imp's attack.
The crimson imp hits you but does no damage.
You barely miss the crimson imp.
The crimson imp hits you but does no damage.
The iron imp shouts, "Away with thee, thou erky dread-bolted harpy!"
You barely miss the crimson imp.
The crimson imp blinks!
Natasha stares at you and mumbles some strange words.
The magic dart hits you!
You take 9 damage, and have 11/31 hp.
MASSIVE DAMAGE!!
You aren't carrying any items that you can evoke.
Unknown command.
The iron imp hits you!
* * * LOW HITPOINT WARNING * * *
Natasha claws you.
* * * LOW HITPOINT WARNING * * *
Things that are here:
a +0 dagger; a ball python corpse You take 8 damage, and have 3/31 hp.
MASSIVE DAMAGE!!
You feel better.
The crimson imp lashes its tail.
You block the iron imp's attack. Natasha claws you.
You regained 10 hp, and now have 13/31 hp.
You fade into invisibility!
Natasha claws you.
The iron imp hits you but does no damage.
You take 2 damage, and have 11/31 hp.
You slash Natasha! You barely miss the iron imp.
Natasha zaps a wand.
The bolt of light hits you!
You are confused.
You die...

##.#....... #.#####.#.
#.# ... .....[.
#.###.#### .......
##..#...... ...h...
........##########S......
###.#.#..........#.......
#.#.##.###.###.#..?....
#...##.#.....#@#.......
###..###.#.....#h5...)...
....####....>...55.......
.........#†....#.#.......
......##.#.....#.........
#........###.###.#.......
#.....##.........#.##.###
###...#######......# .#
......# ####### #


You could see 2 iron imps, Natasha and a crimson imp (summoned, unable to see
you).

Vanquished Creatures
  An adder (D:2)
  2 dart slugs (D:1)
  2 ball pythons
  5 endoplasms
  5 hobgoblins
  A jackal (D:2)
  10 kobolds
  A quokka (D:1)
  2 bats (D:1)
  2 goblins
  6 rats
37 creatures vanquished.

Notes
Turn   | Place    | Note
-------+----------+-------------------------------------------
     0 | D:1      | sokol815 the Demigod Fighter began the quest for the Orb.
     0 | D:1      | Reached XP level 1. HP: 18/18 MP: 3/3
   228 | D:1      | Reached skill level 2 in Axes
   260 | D:1      | Reached XP level 2. HP: 20/25 MP: 4/4
   419 | D:1      | Found Gaacuutsa's Magic Scroll Boutique.
   505 | D:1      | Bought a scroll of identify for 24 gold pieces
   562 | D:1      | Reached skill level 3 in Fighting
   564 | D:1      | Reached skill level 3 in Armour
   570 | D:1      | HP: 6/26 [hobgoblin (4)]
   784 | D:2      | Reached XP level 3. HP: 31/31 MP: 5/5
  1043 | D:2      | Reached skill level 1 in Dodging
  1141 | D:2      | Noticed Natasha
  1161 | D:2      | HP: 4/31 [iron imp[Natasha] (7)]
  1164 | D:2      | Killed from afar by Natasha

Illustrated notes

Levels and vault maps discovered:
D:1:      amcnicky_arrival_blooded_trapdoor, layout_rooms, serial_shops, shop,
          minmay_tiny_reverse_x
D:2:      layout_rooms, st_stairs_3, hangedman_decor_push, uniq_sigmund,
          uniq_natasha

Skill      XL: |  1  2  3 |
---------------+----------+-----
Axes           | 2 |  2.3
Fighting       | 3 |  3.2
Armour         | 3 |  3.1
Dodging        | 1 |  1.1
Shields        | |  2.7

Action                     || total
---------------------------++-------
  Melee: War axe           ||   124
  Throw: Stone             ||    37
    Use: Scroll            ||     5
         Potion            ||     3
 Armour: Ring mail         ||    44
  Dodge: Dodged            ||    56
  Block: Buckler           ||    29

Table legend: (Time is in decaauts)
 A = Elapsed time spent in this place.
 B = Non-inter-level travel time spent in this place.
 C = Inter-level travel time spent in this place.
 D = Time resting spent in this place.
 E = Time spent auto-exploring this place.
 F = Levels seen in this place.
 G = Mean time per level.
                   A        B        C        D        E       F      G
               +--------+--------+--------+--------+--------+-----+--------+
         Total |   1205 |   1175 |     30 |     33 |    813 |   2 |  602.5 |
       Dungeon |   1205 |   1175 |     30 |     33 |    813 |   2 |  602.5 |
               +--------+--------+--------+--------+--------+-----+--------+

Top non-repeatable levels by time:
     D:1: 766 daAuts
     D:2: 439 daAuts

Table legend:
 A = Kills in this place as a percentage of kills in entire the game.
 B = Kills by you in this place as a percentage of kills by you in the entire game.
 C = Kills by friends in this place as a percentage of kills by friends in the entire game.
 D = Other kills in this place as a percentage of other kills in the entire game.
 E = Experience gained in this place as a percentage of experience gained in the entire game.
 F = Experience gained in this place divided by the number of levels of this place that you have seen.
                   A       B       C       D       E      F
               +-------+-------+-------+-------+-------+----------------------
         Total | 100.0 | 100.0 |   N/A |   N/A | 100.0 |  39.5
       Dungeon | 100.0 | 100.0 |   N/A |   N/A | 100.0 |  39.5
               +-------+-------+-------+-------+-------+----------------------
